 Dungeon Crawl Stone Soup version 0.29-a0-330-g52719c12eb (webtiles) character file.

Game seed: 2541250145079598500

236 night the Grasshopper (level 6, -3/48 HPs)
             Began as a Barachi Warper on Apr 27, 2022.
             Was a Follower of Makhleb.
             Slain by a gnoll sergeant
             ... wielding a +0 spear
              (13 damage)
             ... on level 3 of the Dungeon.
             The game lasted 00:07:31 (3977 turns).

night the Grasshopper (Barachi Warper)              Turns: 3977, Time: 00:07:32

Health: -3/48      AC:  4    Str: 11 (13) XL:     6   Next: 6%
Magic:  9/9        EV: 11    Int: 11 (13) God:    Makhleb [*.....]
Gold:   75         SH:  0    Dex: 11 (13) Spells: 2/9 levels left

rFire   . . .      SeeInvis .   n - +2 dagger (venom)
rCold   . . .      Faith    .   (no shield)
rNeg    . . .      Spirit   .   b - +0 leather armour
rPois   .          Reflect  .   (no helmet)
rElec   .          Harm     .   p - +0 cloak
rCorr   .          Rampage  .   (no gloves)
Will    .....                   (no boots)
Stlth   +.........              (no amulet)
HPRegen 0.16/turn               (no ring)
MPRegen 0.11/turn               (no ring)

@: unable to hop, slow
A: amphibious, slowness 1, strong legs 1, +LOS
a: Hop, Renounce Religion


You were on level 3 of the Dungeon.
You worshipped Makhleb.
Makhleb was aware of your devotion.
You visited 1 branch of the dungeon, and saw 3 of its levels.

You collected 75 gold pieces.

Inventory:

Hand Weapons
 a - a +0 falchion
 n - a +2 dagger of venom (weapon)
Missiles
 d - 4 boomerangs of dispersal (quivered)
 f - 95 stones
Armour
 b - a +0 leather armour (worn)
 p - a +0 cloak (worn)
Scrolls
 c - 2 scrolls of blinking
 e - 3 scrolls of identify {unknown}
 j - a scroll of fog {unknown}
 l - a scroll of summoning {unknown}
 m - a scroll of torment {unknown}
Potions
 g - a potion of degeneration
 h - a potion of invisibility
 k - a potion of curing
 o - a potion of ambrosia {unknown}


   Skills:
 + Level 4.2 Fighting
 + Level 4.1 Long Blades
 - Level 1.0 Throwing
 - Level 1.2 Armour
 - Level 2.1 Dodging
 - Level 2.4 Spellcasting
 * Level 5.4 Translocations


You had 2 spell levels left.
You knew the following spells:

 Your Spells              Type           Power      Damage    Failure   Level
a - Blink                 Tloc           26%        N/A       6%          2
b - Manifold Assault      Tloc           13%        N/A       73%         5

Your spell library contained the following spells:

 Spells                   Type           Power      Damage    Failure   Level
 Animate Skeleton         Necr           2%         N/A       36%         1
 Pain                     Necr           4%         1d4       36%         1
 Static Discharge         Conj/Air       1%         N/A       50%         2
 Gell's Gravitas          Tloc           13%        N/A       12%         3
 Lesser Beckoning         Tloc           13%        N/A       12%         3
 Teleport Other           Tloc           13%        N/A       12%         3
 Ozocubu's Armour         Ice            1%         N/A       73%         3
 Vampiric Draining        Necr           1%         2d6       73%         3
 Dispel Undead            Necr           1%         3d6       98%         4
 Sticky Flame             Conj/Fire      1%         2d3       98%         4
 Ozocubu's Refrigeration  Ice            0%         4d5       100%        7


Dungeon Overview and Level Annotations

Branches:
Dungeon (3/15)

Altars:
Makhleb


Innate Abilities, Weirdness & Mutations

You are amphibious.
You cover ground slowly.
You can hop short distances.
You have an extended range of vision and can be seen from far away.


Message History

The gnoll sergeant is moderately wounded.
The gnoll sergeant hits you with a +0 spear!
You hit the gnoll sergeant but do no damage.
The gnoll sergeant looks even sicker.
The gnoll sergeant is moderately wounded.
The gnoll sergeant hits you with a +0 spear!
* * * LOW HITPOINT WARNING * * *
Hop to where?
Press: ? - help, Dir - move target, p - gnoll sergeant Boing!
Throw: 3 darts (poison)
Press: ? - help, Q - select action, (/) - cycle Shift-Dir - straight line, f - gnoll sergeant
Aim: a gnoll sergeant, wielding a +0 spear and wearing a +0 scale mail (sparse dust, moderately wounded, very poisoned, 67% to hit)
You throw a poisoned dart.
The poisoned dart hits the gnoll sergeant.
The gnoll sergeant is moderately wounded.
Throw: 2 darts (poison)
Press: ? - help, Q - select action, (/) - cycle Shift-Dir - straight line, f/p - gnoll sergeant
Aim: a gnoll sergeant, wielding a +0 spear and wearing a +0 scale mail (heavily wounded, very poisoned, 67% to hit)
You throw a poisoned dart.
The poisoned dart barely misses the gnoll sergeant.
Throw: dart (poison)
Press: ? - help, Q - select action, (/) - cycle Shift-Dir - straight line, f/p - gnoll sergeant
Aim: a gnoll sergeant, wielding a +0 spear and wearing a +0 scale mail (heavily wounded, very poisoned, 67% to hit)
You throw a poisoned dart.
The poisoned dart barely misses the gnoll sergeant.
Throw: 5 boomerangs (disperse)
Press: ? - help, Q - select action, (/) - cycle Shift-Dir - straight line, f/p - gnoll sergeant
Aim: a gnoll sergeant, wielding a +0 spear and wearing a +0 scale mail (heavily wounded, very poisoned, 67% to hit)
You throw a boomerang of dispersal.
The boomerang of dispersal hits the gnoll sergeant but does no damage.
The gnoll sergeant is heavily wounded.
It was a potion of curing.
You feel better.
The gnoll sergeant hits you from afar with a +0 spear.
* * * LOW HITPOINT WARNING * * *
It was a potion of degeneration.
There was something very wrong with that liquid.
You feel weakened.
You feel dopey.
You feel clumsy.
The gnoll sergeant hits you from afar with a +0 spear!
You die...

#..###.......#
#............#####
#.####.......>..^
#........##
####.####........###
######.#
....................#
#..((..#
......#######.....#.#
#.# #####
##....#.####.#
#..@.g...(..#
##...#.###### ##.##.#
##.##.#######
###......>...)#
#.....#.#####.#
#.#...#.# #.#
#.#####.# #.# #.# #.#
#.#


You could see a gnoll sergeant (very poisoned).

Vanquished Creatures
  Crazy Yiuf (D:3)
  Jessica (D:3)
  2 orc wizards (D:3)
  4 adders
  4 gnolls
  A worm (D:3)
  A dart slug (D:3)
  3 orcs (D:3)
  3 endoplasms
  3 giant cockroaches (D:2)
  5 goblins
  5 hobgoblins (D:2)
  2 jackals (D:1)
  8 kobolds
  2 quokkas
  4 ball pythons
  A bat (D:1)
  2 frilled lizards (D:2)
  3 rats
55 creatures vanquished.

Notes
Turn   | Place    | Note
-------+----------+-------------------------------------------
     0 | D:1      | night the Barachi Warper began the quest for the Orb.
     0 | D:1      | Reached XP level 1. HP: 17/17 MP: 3/3
   153 | D:1      | HP: 2/17 [quokka (1)]
   158 | D:1      | HP: 1/17 [quokka (2)]
   485 | D:1      | Reached XP level 2. HP: 14/23 MP: 5/5
  1430 | D:2      | Reached XP level 3. HP: 18/28 MP: 6/6
  1667 | D:2      | Found a faded altar of an unknown god.
  1692 | D:2      | Prayed at the altar of an unknown god.
  1692 | D:2      | Became a worshipper of Makhleb the Destroyer
  1692 | D:2      | Reached * piety under Makhleb
  1949 | D:2      | Reached skill level 4 in Translocations
  2031 | D:2      | Reached XP level 4. HP: 35/35 MP: 7/7
  2184 | D:2      | Learned a level 2 spell: Blink
  2214 | D:3      | Noticed Jessica
  2609 | D:3      | Killed Jessica
  2914 | D:3      | Reached XP level 5. HP: 30/42 MP: 8/8
  2922 | D:3      | Learned a level 5 spell: Manifold Assault
  3021 | D:3      | Reached skill level 5 in Translocations
  3183 | D:3      | Found a runed translucent door.
  3184 | D:3      | Noticed Crazy Yiuf
  3199 | D:3      | HP: 5/42 [Crazy Yiuf/+3 quarterstaff of chaos (10)]
  3199 | D:3      | HP: 2/40 [Crazy Yiuf/+3 quarterstaff of chaos (3)]
  3201 | D:3      | Killed Crazy Yiuf
  3803 | D:3      | Reached XP level 6. HP: 45/48 MP: 9/9
  3970 | D:3      | HP: 3/48 [gnoll sergeant/+0 spear (14)]
  3977 | D:3      | Slain by a gnoll sergeant

Illustrated notes

Levels and vault maps discovered:
D:1:      giann_bridges, layout_basic
D:2:      layout_loops_ring, basic_ecumenical_altar
D:3:      layout_loops_ring, uniq_crazy_yiuf_cottage, uniq_jessica

Skill      XL: |  1  2  3  4  5 |
---------------+----------------+-----
Fighting       | 3 4 |  4.2
Long Blades    | 3 4 |  4.1
Translocations | 4 5 |  5.4
Throwing       | |  1.0
Armour         | |  1.2
Dodging        | |  2.1
Spellcasting   | |  2.4

Action                   |  1- 3 |  4- 6 || total
-------------------------+-------+-------++-------
Melee: Falchion          |   106 |    32 ||   138
       Dagger            |       |    71 ||    71
       Punch             |       |     2 ||     2
Throw: Boomerang         |     2 |     1 ||     3
       Dart              |     5 |     6 ||    11
 Abil: Hop               |     1 |     4 ||     5
  Use: Potion            |       |     2 ||     2
Armor: Leather armour    |    18 |    15 ||    33
Dodge: Dodged            |    71 |    61 ||   132

Table legend: (Time is in decaauts)
 A = Elapsed time spent in this place.
 B = Non-inter-level travel time spent in this place.
 C = Inter-level travel time spent in this place.
 D = Time resting spent in this place.
 E = Time spent auto-exploring this place.
 F = Levels seen in this place.
 G = Mean time per level.
                   A        B        C        D        E       F      G
               +--------+--------+--------+--------+--------+-----+--------+
         Total |   4277 |   4203 |     74 |   1672 |   1939 |   3 | 1425.7 |
       Dungeon |   4277 |   4203 |     74 |   1672 |   1939 |   3 | 1425.7 |
               +--------+--------+--------+--------+--------+-----+--------+

Top non-repeatable levels by time:
     D:2: 1739 daAuts
     D:1: 1304 daAuts
     D:3: 1233 daAuts
